 Dungeon Sprint DCSS version 0.30-a0-639-g3916f1956a (webtiles) character file.

Game seed: 3355626239937206805

3206 mhtbhm the Eclecticist (level 9, 0/48 HPs)
             Began as a Deep Elf Earth Elementalist on Jan 15, 2023.
             Was a High Priest of Vehumet.
             Slain by a deep elf zephyrmancer
             ... wielding a +0 rapier of speed
              (8 damage)
             ... in the Dungeon (Sprint III: "The Ten Rune Challenge") on Jan 16, 2023.
             The game lasted 00:07:49 (1400 turns).

mhtbhm the Eclecticist (DEEE)                       Turns: 1400, Time: 00:07:50

Health: 0/48       AC:  2    Str:  5    XL:     9   Next: 65%
Magic:  24/33      EV: 14    Int: 25    God:    Vehumet [*****.]
Gold:   2731       SH:  0    Dex: 15    Spells: 22/44 levels left

rFire   . . .      SeeInvis .    (no weapon)
rCold   . . .      Faith    .    (no shield)
rNeg    . . .      Spirit   .    a - +0 robe
rPois   .          Reflect  .    (no helmet)
rElec   .          Harm     .    (no cloak)
rCorr   .          Rampage  .    (no gloves)
Will    .....      NoTele   +    (no boots)
Stlth   +++                      (no amulet)
HPRegen 0.28/turn                (no ring)
MPRegen 0.23/turn                (no ring)

@: no status effects
A: no striking features
a: Renounce Religion


You were in the Dungeon.
You worshipped Vehumet.
Vehumet was extremely pleased with you.
You visited 1 branch You collected 2731 gold pieces.

Inventory:

Armour
 a - a +0 robe (worn)
Potions
 b - a potion of magic
 c - 2 potions of curing
 e - 2 potions of mutation
 f - 2 potions of berserk rage
 h - 2 potions of ambrosia {unknown}
 l - 2 potions of flight {unknown}
 m - a potion of lignification {unknown}
 n - a potion of invisibility {unknown}
 o - a potion of might
Miscellaneous
 p - a tin of tremorstones (2/2)


   Skills:
 + Level 1.6 Fighting
 + Level 5.4 Dodging
 + Level 5.6 Stealth
 + Level 18.4 Spellcasting
 + Level 5.5 Conjurations
 + Level 1.7 Transmutations
 + Level 16.7 Earth Magic
 + Level 1.2 Evocations


You had 22 spell levels left.
You knew the following spells:

 Your Spells              Type           Power      Damage    Failure   Level
a - Sandblast             Erth           100%       2d20      0%          1
b - Passwall              Tmut/Erth      51%        N/A       1%          2
c - Stone Arrow           Conj/Erth      100%       3d13      1%          3
d - Petrify               Tmut/Erth      62%        N/A       1%          4
e - Lehudib's Crystal Sp  Conj/Erth      34%        10d9      32%         8
f - Animate Armour        Summ/Erth      100%       N/A       1%          4

Your spell library contained the following spells:

 Spells                   Type           Power      Damage    Failure   Level
 Sticky Flame             Conj/Fire      36%        2d6       1%          4


Dungeon Overview and Level Annotations

Branches:
Dungeon (1/1)

Altars:
Cheibriados
Dithmenos
Elyvilon
Fedhas
Gozag
Hepliaklqana
Kikubaaqudgha
Makhleb
Nemelex Xobeh
Okawaru
Qazlal
Ru
Sif Muna
Trog
Uskayaw
Vehumet
Wu Jian
Xom
Yredelemnul
Zin
The Shining One
Jiyva
Lugonu

Shops:
D (


Message History

Vehumet accepts your kill.
Vehumet offers you knowledge of Sticky Flame.
You feel your power returning.
Unknown command.
Things that are here:
a +0 long sword; a +0 ring mail; an elf corpse The deep elf zephyrmancer gestures wildly while chanting.
The deep elf zephyrmancer blinks!
Casting: Stone Arrow (safe; 1% risk of failure)
Confirm with . or Enter, or press ? or * to list all spells.
Aiming: Stone Arrow (safe; 1% risk of failure)
Press: ? - help, Shift-Dir - straight line, f - deep elf zephyrmancer
Aim: a deep elf zephyrmancer, wielding a +0 rapier of speed (69% to hit)
Okay, then.
You aren't carrying any scrolls.
Unknown command.
Okay, then.
Casting: Stone Arrow (safe; 1% risk of failure)
Confirm with . or Enter, or press ? or * to list all spells.
Okay, then.
Okay, then.
Casting: Stone Arrow (safe; 1% risk of failure)
Confirm with . or Enter, or press ? or * to list all spells.
Aiming: Stone Arrow (safe; 1% risk of failure)
Press: ? - help, Shift-Dir - straight line, f - deep elf zephyrmancer
Aim: a deep elf zephyrmancer, wielding a +0 rapier of speed (69% to hit)
The stone arrow misses the deep elf zephyrmancer.
The deep elf zephyrmancer hits you with a +0 rapier of speed!
* * * LOW HITPOINT WARNING * * *
Unknown command.
Unknown command.
Casting: Stone Arrow (safe; 1% risk of failure)
Confirm with . or Enter, or press ? or * to list all spells.
Aiming: Stone Arrow (safe; 1% risk of failure)
Press: ? - help, Shift-Dir - straight line, f/p - deep elf zephyrmancer
Aim: a deep elf zephyrmancer, wielding a +0 rapier of speed (69% to hit)
The stone arrow hits the deep elf zephyrmancer!!
The deep elf zephyrmancer is heavily wounded.
The deep elf zephyrmancer hits you with a +0 rapier of speed!
You die...

▓▓▓ ▓▓▓▓▓ ##.############
###.#.########
####..#___#___#__###.#.#.#..'.#e.
#..#..#...#__)#._#..........#.#..
#..#..###)#'###'##..........#.#e.
##'#..#.........e#)))).....##e#e.
###...'.⌠......)@#))##∩##...#.§e.
###...#...######'#).#.##..#######
##....#.⌠.#__#...#)#########
#.....#...#__#...#..~~)'.#.+
......#[###__#...#.#§~~#.#.#
#.....#...#__#...'.#§§.#.#.#
##....#___#__'...#.#§..#...#
▓▓▓▓▓▓▓▓▓▓▓▓▓▓▓▓▓▓▓▓▓▓▓▓▓▓▓


You could see a deep elf zephyrmancer.

Vanquished Creatures
  Josephine (D)
  A deep elf pyromancer (D)
  An orc knight (D)
  A deep elf zephyrmancer (D)
  A shadow (D)
  A spatial vortex (D)
  2 orc warriors (D)
  An earth elemental (D)
  A necrophage (D)
  A scorpion (D)
  A water elemental (D)
  A jelly (D)
  3 orc priests (D)
  Jessica (D)
  A wizard (D)
  A necromancer (D)
  2 orc wizards (D)
  A kobold demonologist (D)
  3 humans (D)
  10 orcs (D)
  2 endoplasms (D)
37 creatures vanquished.

Notes
Turn   | Place    | Note
-------+----------+-------------------------------------------
     0 | D        | mhtbhm the Deep Elf Earth Elementalist began the quest for
                  | the Orb.
     0 | D        | Reached XP level 1. HP: 10/10 MP: 6/6
    51 | D        | Noticed Jessica
    57 | D        | Killed Jessica
    58 | D        | Reached skill level 5 in Spellcasting
    58 | D        | Reached skill level 5 in Earth Magic
    58 | D        | Reached XP level 2. HP: 4/15 MP: 5/10
    58 | D        | Reached XP level 3. HP: 5/19 MP: 5/11
   128 | D        | Learned a level 2 spell: Passwall
   132 | D        | Learned a level 3 spell: Stone Arrow
   153 | D        | Noticed a scorpion
   164 | D        | Killed a scorpion
   165 | D        | Reached skill level 6 in Spellcasting
   165 | D        | Reached XP level 4. HP: 17/24 MP: 8/14
   170 | D        | Reached skill level 7 in Spellcasting
   183 | D        | Noticed a water elemental
   192 | D        | Killed a water elemental
   193 | D        | Reached skill level 8 in Spellcasting
   193 | D        | Reached XP level 5. HP: 21/28 MP: 1/17
   307 | D        | Learned a level 4 spell: Petrify
   329 | D        | Found a radiant altar of Vehumet.
   329 | D        | Found a shimmering blue altar of Sif Muna.
   329 | D        | Found an ancient bone altar of Kikubaaqudgha.
   335 | D        | Reached skill level 9 in Spellcasting
   393 | D        | Found a glowing silver altar of Zin.
   393 | D        | Found a glowing golden altar of the Shining One.
   393 | D        | Found a white marble altar of Elyvilon.
   393 | D        | Noticed a deep elf pyromancer
   396 | D        | Killed a deep elf pyromancer
   397 | D        | Reached skill level 5 in Stealth
   397 | D        | Reached skill level 12 in Spellcasting
   397 | D        | Reached XP level 6. HP: 33/33 MP: 11/23
   397 | D        | Reached XP level 7. HP: 37/37 MP: 11/25
   477 | D        | Became a worshipper of Vehumet
   494 | D        | Found a basalt altar of Yredelemnul.
   494 | D        | Found a shadowy altar of Dithmenos.
   494 | D        | Found a sacrificial altar of Ru.
   497 | D        | Reached skill level 13 in Spellcasting
   539 | D        | Found a hide-covered altar of Uskayaw.
   539 | D        | Found an iron altar of Okawaru.
   539 | D        | Found a bloodstained altar of Trog.
   539 | D        | Found an ornate altar of the Wu Jian Council.
   539 | D        | Noticed a human
   539 | D        | Noticed a human
   543 | D        | Killed a human
   543 | D        | Reached * piety under Vehumet
   543 | D        | Offered knowledge of Kiss of Death by Vehumet.
   544 | D        | Reached skill level 5 in Dodging
   546 | D        | Killed a human
   547 | D        | Reached skill level 14 in Spellcasting
   547 | D        | Reached XP level 8. HP: 39/42 MP: 14/28
   597 | D        | Reached ** piety under Vehumet
   598 | D        | Reached skill level 1 in Conjurations
   661 | D        | Found a blossoming altar of Fedhas.
   661 | D        | Found a stormy altar of Qazlal.
   661 | D        | Found a snail-covered altar of Cheibriados.
   661 | D        | Found a burning altar of Makhleb.
   661 | D        | Found a shimmering altar of Xom.
   662 | D        | Found a hazy altar of Hepliaklqana.
   662 | D        | Found an opulent altar of Gozag.
   662 | D        | Found a sparkling altar of Nemelex Xobeh.
   662 | D        | Found a corrupted altar of Lugonu.
   662 | D        | Found a viscous altar of Jiyva.
   668 | D        | Reached skill level 1 in Fighting
   668 | D        | Reached skill level 15 in Spellcasting
   712 | D        | Noticed Josephine
   718 | D        | Killed Josephine
   718 | D        | Offered knowledge of Magic Dart by Vehumet.
   719 | D        | Reached skill level 16 in Spellcasting
   719 | D        | Reached skill level 15 in Earth Magic
   758 | D        | Reached XP level 9. HP: 31/47 MP: 22/31
   837 | D        | Upgraded the game from 0.30-a0-634-g8abc85282e to
                  | 0.30-a0-639-g3916f1956a
   860 | D        | Offered knowledge of Hailstorm by Vehumet.
   860 | D        | Reached *** piety under Vehumet
   862 | D        | Noticed an orc knight
   874 | D        | Killed an orc knight
   874 | D        | Reached **** piety under Vehumet
   875 | D        | Reached skill level 17 in Spellcasting
   879 | D        | Reached ***** piety under Vehumet
   886 | D        | Reached skill level 5 in Conjurations
   889 | D        | Reached skill level 1 in Evocations
  1005 | D        | Reached skill level 18 in Spellcasting
  1082 | D        | Found Teyng's Weapon Shoppe.
  1132 | D        | Learned a level 8 spell: Lehudib's Crystal Spear
  1137 | D        | Learned a level 4 spell: Animate Armour
  1164 | D        | Noticed a deep elf knight
  1164 | D        | Noticed a deep elf zephyrmancer
  1164 | D        | Noticed a deep elf zephyrmancer
  1164 | D        | Noticed a deep elf pyromancer
  1164 | D        | Noticed a deep elf zephyrmancer
  1394 | D        | Killed a deep elf zephyrmancer
  1394 | D        | Offered knowledge of Sticky Flame by Vehumet.
  1400 | D        | Slain by a deep elf zephyrmancer

Illustrated notes

Levels and vault maps discovered:
D:        dungeon_sprint_mu [sprint_mu_entry_cave, sprint_mu_temple_rooms,
          sprint_mu_d1_horrors, sprint_mu_d2_genie, sprint_mu_d3_branching,
          sprint_mu_orc_legion, sprint_mu_elf_gauntlet, sprint_mu_hive_nellie,
          sprint_mu_lair_fedhas, sprint_mu_vaults_butterflies,
          sprint_mu_slime_circle, sprint_mu_swamp_cave, sprint_mu_snake_twists,
          sprint_mu_blade_basic, sprint_mu_crypt_chambers,
          sprint_mu_tomb_spiral, sprint_mu_vestibule_basic,
          sprint_mu_gehenna_hellfire, sprint_mu_dis_giant,
          sprint_mu_tartarus_statrot, sprint_mu_cocytus_islands, sprint_mu_zot1]

Skill      XL: |  1  2  3  4  5  6  7  8  9 |
---------------+----------------------------+-----
Dodging        | 3 4 5 |  5.4
Stealth        | 3 4 5 |  5.6
Spellcasting   | 5 6 8 12 14 16 18 | 18.4
Earth Magic    | 5 7 8 12 13 15 16 | 16.7
Conjurations   | 3 5 |  5.5
Fighting       | 1 |  1.6
Evocations     | 1 |  1.2
Transmutations | |  1.7

Action                   |  1- 3 |  4- 6 |  7- 9 || total
-------------------------+-------+-------+-------++-------
Melee: Unarmed           |       |       |     1 ||     1
 Cast: Sandblast         |     9 |    14 |    22 ||    45
       Stone Arrow       |       |     4 |    50 ||    54
       Petrify           |       |       |     2 ||     2
Evoke: Tin of tremorston |       |       |     1 ||     1
  Use: Potion            |     1 |       |     3 ||     4
       Scroll            |       |       |     7 ||     7
 Stab: Distracted        |       |       |     1 ||     1
Armor: Robe              |       |       |     2 ||     2
Dodge: Dodged            |       |     2 |    13 ||    15

Table legend: (Time is in decaauts)
 A = Elapsed time spent in this place.
 B = Non-inter-level travel time spent in this place.
 C = Inter-level travel time spent in this place.
 D = Time resting spent in this place.
 E = Time spent auto-exploring this place.
 F = Levels seen in this place.
 G = Mean time per level.
                   A        B        C        D        E       F      G
               +--------+--------+--------+--------+--------+-----+--------+
         Total |   1417 |   1417 |      0 |    828 |     46 |   1 | 1417.0 |
       Dungeon |   1417 |   1417 |      0 |    828 |     46 |   1 | 1417.0 |
               +--------+--------+--------+--------+--------+-----+--------+

Top non-repeatable levels by time:
       D: 1417 daAuts
